 Dungeon Crawl Stone Soup version 0.16-a0-1885-g0f03bb0 (webtiles) character file.

7070 timbw the Basher (level 10, 0/85 HPs)
             Began as a Troll Hunter on Nov 7, 2014.
             Was an Elder of Makhleb.
             Succumbed to a spiny frog's poison
             ... on level 3 of the Lair of Beasts.
             The game lasted 00:23:58 (4483 turns).

timbw the Basher (Troll Hunter)                     Turns: 4483, Time: 00:23:58

Health: 0/85       AC:  6    Str: 22      XL:     10   Next: 83%
Magic:  4/4        EV: 10    Int:  7      God:    Makhleb [****..]
Gold:   275        SH:  0    Dex: 12 (13) Spells: 0 memorised, 9 levels left

rFire  + . .     SeeInvis .     c - +1 giant spiked club
rCold  . . .     Clarity  +     C - +1 robe
rNeg   . . .     SustAb   .     (shield restricted)
rPois  .         Gourm    +     (helmet restricted)
rElec  .         Spirit   .     (no cloak)
rCorr  .         Warding  .     (gloves unavailable)
rMut   .         Stasis   .     (boots unavailable)
MR     .....                    j - amulet of clarity
Stlth  +.........               (no ring)
                                r - ring of protection from fire

@: lethally poisoned, not resistant to hostile enchantments, very unstealthy
A: unfitting armour, claws 3, fast metabolism 3, gourmand, regeneration 2,
shaggy fur 1, tough skin 2
a: Minor Destruction, Lesser Servant of Makhleb, Major Destruction, Renounce
Religion


You were on level 3 of the Lair of Beasts.
You worshipped Makhleb.
Makhleb was greatly pleased with you.
You were full.

You visited 2 branches of the dungeon, and saw 13 of its levels.
You also visited: Sewer and Ossuary.

You collected 335 gold pieces.
You spent 60 gold pieces at shops.

Inventory:

Hand weapons
 b - a +1 morningstar of protection
 c - a +1 giant spiked club (weapon)
 f - a +4 whip of holy wrath
 g - a +0 giant club
 i - a +0 dire flail of draining
Missiles
 z - 3 large rocks (quivered)
Armour
 d - a +1 animal skin
 C - a +1 robe (worn)
Jewellery
 j - an amulet of clarity (around neck)
 r - a ring of protection from fire (left claw)
Magical devices
 u - a wand of enslavement (0)
 x - a wand of polymorph (11)
Scrolls
 e - 3 scrolls of remove curse
 o - a scroll of recharging
 t - 2 scrolls of teleportation
 w - a scroll of holy word
 y - 3 scrolls of enchant armour
 F - 2 scrolls of vulnerability
Potions
 k - 7 potions of flight
 l - a potion of brilliance
 m - a potion of heal wounds
 n - 2 potions of poison
 p - 3 potions of haste
 q - a potion of confusion {unknown}
 s - 3 potions of curing
 v - a potion of might
Books
 D - a book of Changes

   Spells                             Type                      Level
   Beastly Appendage                  Transmutation                1
   Sticks to Snakes                   Transmutation                2
   Spider Form                        Transmutation/Poison         3
   Ice Form                           Ice/Transmutation            4
   Blade Hands                        Transmutation                5
Comestibles
 a - 2 meat rations
 h - 2 bread rations


   Skills:
 - Level 1.5 Fighting
 + Level 14.5 Maces & Flails
 - Level 3.8 Throwing
 - Level 1.5 Dodging
 - Level 0.4 Stealth


You had 9 spell levels left.
You didn't know any spells.

Dungeon Overview and Level Annotations

Branches:
Dungeon (10/15)              Lair (3/8) D:10
 Temple: D:4-7        Swamp: Lair:3-6    Shoals: Lair:3-6     Snake: Lair:3-6
 Spider: Lair:3-6       Orc: D:9-12

Altars:
Cheibriados
Elyvilon
Makhleb
Qazlal

Shops:
D:9 *

Annotations:
D:6 Grinder
D:10 Nergalle


Innate Abilities, Weirdness & Mutations

You are too large for most types of armour.
You have claws for hands.
Your metabolism is lightning-fast.
You like to eat raw meat.
You heal very quickly.
You are covered in fur (AC +1).
You have very tough skin (AC +2).


Message History

You feel sick.
The spiny frog stings you but does no damage.
You closely miss the spiny frog.
The spiny frog is heavily wounded.
You feel sick. The spiny frog stings you!!
* * * LOW HITPOINT WARNING * * *
The spiny frog stings you!
* * * LOW HITPOINT WARNING * * *
You are lethally poisoned!
The spiny frog poisons you!
You hit the spiny frog.
The spiny frog is severely wounded.
* * * LOW HITPOINT WARNING * * *
You feel very sick. The spiny frog stings you!
* * * LOW HITPOINT WARNING * * *
Unknown command.
You barely miss the spiny frog.
The spiny frog is severely wounded.
You die...

,,,,***,,,.......#,,**,,,*,,∩,,,,
,,,,,,*,,........##***,,,,,,,,,,,
,,,,,,*,,.........# **,,,*,,,,,,,
,,,,,,,,,.........* *,,,,,****,,,
,,,,,,,,.........## *,,,,,* *,,,,
,,,,,,,...........# *,,,*****,,,,
,,,,,,...........## **,*,,,,**,,,
,,,,,..........rF.# *.,,,,,+,,,,
,,,,,*#.........@## *#..,,,,*,,,,
,,,,*##..........#*##...⌠,,,,,,,,
*,,,*#...........#*......,,,*,,,,
,,,,*##..........##......****,,,,
,,..##......###..#..⌠....#*,,,,,,
.D...##...##.⌠..#.........,,,,,,,
#...###...................,,,,,,,
P...##.....⌠.>..+.⌠.>.⌠..⌠,,,*,,,
#...##....#.....#.........,,,,,,,


You could see a spiny frog and a green rat.

Vanquished Creatures
  3 elephants (Lair:2)
  5 spiny frogs
  A hippogriff (D:10)
  A deep elf fighter (D:10)
  6 yaks (Lair:3)
  4 water moccasins
  A phantom (D:6)
  4 ogres
  A centaur (D:9)
  3 crocodiles
  4 giant frogs
  3 killer bees (D:9)
  A scorpion (D:9)
  2 crimson imps
  2 goliath beetles (D:9)
  2 hounds
  An iguana (Lair:1)
  6 worker ants
  6 big kobold zombies (Ossuary)
  A mottled dragon skeleton (D:9)
  3 mummies
  5 adders
  26 green rats
  6 giant mites
  6 worms
  7 adder zombies (Ossuary)
  3 giant geckos (Sewer)
  5 oozes
  An orc (D:7)
  A ball python (D:3)
  12 bats
  4 giant cockroaches
  4 gnoll zombies (Ossuary)
  4 hobgoblins
  A kobold (D:2)
  A quokka (D:8)
  3 giant newts
  2 goblins
  7 hobgoblin zombies (Ossuary)
  A kobold skeleton (D:7)
  4 kobold zombies
  An orc skeleton (D:8)
  3 orc zombies (Ossuary)
  12 rats
  2 ballistomycetes (D:9)
181 creatures vanquished.

Vanquished Creatures (collateral kills)
  Harold (Lair:2)
  Erica (Lair:2)
  A green rat (Lair:3)
3 creatures vanquished.

Vanquished Creatures (others)
  A ynoxinul (Lair:3)
  A giant spore (D:9)
  3 fungi (D:10)
  2 plants
7 creatures vanquished.

Grand Total: 191 creatures vanquished

Notes
Turn   | Place    | Note
--------------------------------------------------------------
     0 | D:1      | timbw, the Troll Hunter, began the quest for the Orb.
     0 | D:1      | Reached XP level 1. HP: 19/19 MP: 1/1
   140 | D:2      | Reached skill level 1 in Maces & Flails
   140 | D:2      | Reached XP level 2. HP: 17/27 MP: 1/1
   301 | D:3      | Reached XP level 3. HP: 15/33 MP: 2/2
   336 | D:3      | Found a glowing drain.
   346 | Sewer    | Entered a sewer
   366 | Sewer    | Reached XP level 4. HP: 17/41 MP: 2/2
   779 | D:4      | Reached skill level 4 in Maces & Flails
   779 | D:4      | Reached XP level 5. HP: 22/48 MP: 2/2
   819 | D:4      | Noticed an ogre
   824 | D:4      | Killed an ogre
   824 | D:4      | Reached skill level 5 in Maces & Flails
   907 | D:5      | Entered Level 5 of the Dungeon
   914 | D:5      | Noticed an ogre
   935 | D:5      | Killed an ogre
   935 | D:5      | Reached XP level 6. HP: 21/55 MP: 3/3
   964 | D:4      | Found a burning altar of Makhleb.
   964 | D:4      | Found a snail-covered altar of Cheibriados.
   972 | D:4      | Became a worshipper of Makhleb the Destroyer
   997 | D:4      | Found a sand-covered staircase.
  1008 | Ossuary  | Entered an ossuary
  1106 | Ossuary  | Reached skill level 6 in Maces & Flails
  1110 | Ossuary  | Acquired Makhleb's first power
  1238 | D:6      | Noticed Grinder
  1268 | D:6      | Reached XP level 7. HP: 54/62 MP: 3/3
  1305 | D:6      | Reached skill level 7 in Maces & Flails
  1493 | D:8      | Found a white marble altar of Elyvilon.
  1612 | D:8      | Acquired Makhleb's second power
  2021 | D:10     | Entered Level 10 of the Dungeon
  2029 | D:9      | Reached skill level 8 in Maces & Flails
  2119 | D:9      | Reached XP level 8. HP: 36/70 MP: 3/3
  2252 | D:9      | Found Maerea's Assorted Antiques.
  2259 | D:9      | Reached skill level 9 in Maces & Flails
  2299 | D:9      | Bought a scroll labeled LEGOSECS SUERI for 30 gold pieces
  2299 | D:9      | Bought a scroll labeled PRUHUD ASHRUBURAKU for 30 gold pieces
  2557 | D:10     | Noticed Nergalle
  2632 | D:10     | Found a stormy altar of Qazlal.
  2633 | D:10     | Noticed a water elemental
  2640 | D:10     | Reached skill level 10 in Maces & Flails
  2649 | D:10     | Acquired Makhleb's third power
  2680 | D:10     | Found a staircase to the Lair.
  2691 | Lair:1   | Entered Level 1 of the Lair of Beasts
  2761 | Lair:1   | Noticed a spiny frog
  2774 | Lair:1   | Killed a spiny frog
  2774 | Lair:1   | Reached XP level 9. HP: 65/76 MP: 4/4
  2990 | Lair:1   | Reached skill level 11 in Maces & Flails
  3270 | Lair:2   | Acquired Makhleb's fourth power
  3347 | Lair:2   | Noticed Erica
  3354 | Lair:2   | Killed Erica
  3354 | Lair:2   | Reached skill level 12 in Maces & Flails
  3508 | Lair:2   | Noticed a spiny frog
  3511 | Lair:2   | Killed a spiny frog
  3522 | Lair:2   | Noticed a spiny frog
  3529 | Lair:2   | Killed a spiny frog
  3566 | Lair:2   | Noticed Harold
  3586 | Lair:2   | Killed Harold
  3586 | Lair:2   | Reached XP level 10. HP: 24/85 MP: 4/4
  3720 | Lair:2   | Reached skill level 13 in Maces & Flails
  3757 | Lair:2   | Noticed a spiny frog
  3764 | Lair:2   | Killed a spiny frog
  3782 | Lair:2   | Noticed an elephant
  3782 | Lair:2   | Noticed an elephant
  3955 | Lair:2   | Killed an elephant
  3959 | Lair:2   | Noticed an elephant
  3987 | Lair:2   | Killed an elephant
  3992 | Lair:2   | Killed an elephant
  4163 | Lair:3   | Reached skill level 14 in Maces & Flails
  4273 | Lair:3   | Noticed an eight-headed hydra
  4482 | Lair:3   | HP: 2/85 [spiny frog (9)]
  4483 | Lair:3   | Succumbed to a spiny frog's poison

Action                   |  1- 3 |  4- 6 |  7- 9 | 10-12 || total
-------------------------+-------+-------+-------+-------++-------
Melee: Unarmed           |    12 |       |       |       ||    12
       Whip              |    58 |   208 |   178 |       ||   444
       Giant club        |       |       |    44 |       ||    44
       Giant spiked club |       |       |    94 |   121 ||   215
Throw: Large rock        |     5 |     9 |    20 |     8 ||    42
       Throwing net      |     1 |     2 |     6 |     1 ||    10
Invok: Lesser Servant of |       |       |     2 |     3 ||     5
Evoke: Wand              |       |       |       |     3 ||     3
  Use: Potion            |       |     1 |     3 |       ||     4
       Scroll            |       |     6 |    12 |     3 ||    21
 Stab: Held in net/web   |       |       |     2 |     1 ||     3
       Distracted        |       |       |     1 |       ||     1
  Eat: Chunk             |     2 |     6 |    11 |     6 ||    25
       Meat ration       |       |       |     1 |     1 ||     2
       Fruit             |       |       |     7 |     1 ||     8
       Royal jelly       |       |       |       |     1 ||     1
